 Dungeon Crawl Stone Soup version 0.32-a0-643-ga006e7742e (webtiles) character file.

Game seed: 7842055441538691055

1128 runemasterragnar the Charlatan (level 8, -2/61 HPs)
             Began as a Coglin Artificer on Mar 8, 2024.
             Slain by a wight
             ... wielding a +4 trident
              (3 damage)
             ... on level 7 of the Dungeon.
             The game lasted 00:09:07 (5006 turns).

runemasterragnar the Charlatan (Coglin Artificer)   Turns: 5006, Time: 00:09:08

Health: -2/61      AC: 10    Str: 14    XL:     8   Next: 35%
Magic:  8/8        EV: 10    Int: 10    God:
Gold:   369        SH:  0    Dex: 18    Spells: 7/7 levels left

rFire   . . .        p - +0 long sword (drain) {Carlos}
rCold   . . .        m - +1 flail (heavy) {Dejan}
rNeg    . . .        q - +0 ring mail
rPois   .            (no helmet)
rElec   .            y - +2 cloak
rCorr   .            (no gloves)
SInv    .            (no boots)
Will    .....        (amulet unavailable)
Stlth   +            (ring unavailable)
HPRegen 0.30/turn    (ring unavailable)
MPRegen 0.11/turn    (no gizmo)

%: no passive effects
@: no status effects
A: off-hand wielding, slow wielding, warmup strikes, no jewellery, iridescent
scales 1, agile 1
a: Invent Gizmo


You were on level 7 of the Dungeon.
You visited 2 branches of the dungeon, and saw 9 of its levels.

You collected 369 gold pieces.

Inventory:

Hand Weapons
 a - a +0 club {Clara}
 f - a +0 dagger {Navbir}
 k - a +0 hand axe {Gilbert}
 m - a +1 heavy flail (offhand) {Dejan}
 n - a +2 falchion of electrocution
 p - a +0 long sword of draining (weapon) {Carlos}
 D - a +0 scimitar
Missiles
 h - 2 boomerangs (quivered)
 i - 3 poisoned darts
Armour
 b - a +0 leather armour
 o - a +0 scale mail
 q - a +0 ring mail (worn)
 y - a +2 cloak (worn)
Talismans
 u - a serpent talisman
Wands
 c - a wand of flame (15)
 d - a wand of charming (19)
 e - a wand of iceblast (5)
Scrolls
 w - a scroll of poison
 x - a scroll of revelation
 A - 2 scrolls of butterflies
 C - a scroll of immolation
Potions
 g - 2 potions of haste
 j - 2 potions of ambrosia
 l - a potion of berserk rage
 s - a potion of curing
 t - 2 potions of resistance
 v - 3 potions of magic
 B - a potion of heal wounds


   Skills:
 + Level 4.3 Fighting
 * Level 5.5 Long Blades
 + Level 3.8 Throwing
 - Level 1.7 Armour
 - Level 0.8 Dodging
 - Level 0.7 Stealth
 + Level 7.1 Evocations


You had 7 spell levels left.
You didn't know any spells.
Your spell library contained the following spells:

 Spells                   Type           Power      Damage    Failure   Level
 Hailstorm                Conj/Ice       0%         3d5       92%         3
 Summon Ice Beast         Ice/Summ       0%         N/A       92%         3
 Volatile Blastmotes      Fire/Tloc      0%         2d10      92%         3
 Animate Armour           Summ/Erth      0%         N/A       100%        4
 Fulminant Prism          Conj/Alch      0%         3d5       100%        4
 Iskenderun's Mystic Bla  Conj/Tloc      0%         2d3       100%        4
 Summon Lightning Spire   Summ/Air       0%         N/A       100%        4
 Lee's Rapid Deconstruct  Erth           0%         3d4*      100%        5
 Sculpt Simulacrum        Ice/Alch       0%         N/A       100%        6


Dungeon Overview and Level Annotations

Branches:
Dungeon (8/15)             Temple (1/1) D:6
   Lair: D:8-11

Altars:
Ashenzari
Cheibriados
Dithmenos
Elyvilon
Gozag
Hepliaklqana
Kikubaaqudgha
Makhleb
Nemelex Xobeh
Okawaru
Qazlal
Ru
Sif Muna
Trog
Uskayaw
Vehumet
Yredelemnul
Zin

Annotations:
D:3 1 runed translucent door, Crazy Yiuf


Innate Abilities, Weirdness & Mutations

You can wield a second weapon in your off-hand.
It takes a long time for you to wield or remove held weapons.
Your first few attacks do less damage.
You cannot equip rings or amulets.
You are partially covered in iridescent scales. (AC +2)
You are agile. (Dex +4, Str/Int -1)


Message History

You hear some strange, mumbled words.
Your butterfly resists with significant effort.
The orc completely misses your butterfly.
The orc barely misses your butterfly. The wight barely misses your butterfly.
You swap places.
The orc misses your butterfly.
The orc hits your butterfly with a +0 hand axe.
Your butterfly dies!
Your butterfly disappears in a burst of colours!
The orc misses your butterfly.
The orc hits your butterfly with a +0 hand axe.
Your butterfly dies!
Your butterfly disappears in a burst of colours!
Something hits your butterfly.
Your butterfly dies!
Your butterfly disappears in a burst of colours!
The orc completely misses your butterfly.
You swap places.
Something hits your butterfly.
Your butterfly dies!
Your butterfly disappears in a burst of colours!
Unknown command.
You swap places.
You recover from your berserk rage.
The wight hits your butterfly with a +4 trident.
Your butterfly dies!
Your butterfly disappears in a burst of colours!
The wight hits you from afar with a +4 trident!
* * * LOW HITPOINT WARNING * * *
Unknown command.
Something hits your butterfly.
Your butterfly dies!
Your butterfly disappears in a burst of colours!
An orc comes into view. It is wielding a +0 club.
The wight attacks as it pursues you!
The wight hits you from afar with a +4 trident.
* * * LOW HITPOINT WARNING * * *
Something completely misses your butterfly.
The wight attacks as it pursues you! The wight barely misses you.
The orc closely misses your butterfly. The wight attacks as it pursues you!
The wight hits you from afar with a +4 trident.
You die...

.# #...............
#......#.######
#....#....##
......#.#...#####
####+##.#.#...#.#####
#.#.###........
#.#.###.#.##.##
#.#........#.#
#.#####@#..#.# #.
#.#..#.#
#####.z..#.######z.
.........o#..[..oo..
.#######bb[######o.#
#.b[### .# #...o.#
##.# #.o##[##bo.
#.o##.#ob#


You could see a wight and 2 orcs.

Vanquished Creatures
  2 phantoms (D:5)
  2 scorpions (D:5)
  3 wights (D:7)
  A bombardier beetle (D:5)
  3 hounds
  6 orc priests
  3 jellies
  A human skeleton (D:4)
  2 iguanas
  3 orc wizards
  A hound skeleton (D:4)
  6 adders
  A white imp (D:6)
  5 dart slugs
  2 ribbon worms (D:2)
  14 orcs
  6 ball pythons
  5 bats (D:1)
  10 endoplasms
  7 goblins
  9 hobgoblins
  4 quokkas
  5 frilled lizards
  6 kobolds
  7 rats
114 creatures vanquished.

Vanquished Creatures (others)
  An orc (D:7)
1 creature vanquished.

Grand Total: 115 creatures vanquished

Notes
Turn   | Place    | Note
-------+----------+-------------------------------------------
     0 | D:1      | runemasterragnar the Coglin Artificer began the quest for
                  | the Orb.
     0 | D:1      | Reached XP level 1. HP: 15/15 MP: 1/1
   327 | D:1      | Reached XP level 2. HP: 21/21 MP: 2/2
   575 | D:1      | Reached skill level 1 in Throwing
   608 | D:1      | Found a faded altar of an unknown god.
   865 | D:2      | Reached XP level 3. HP: 24/27 MP: 3/3
  1308 | D:2      | Reached skill level 1 in Long Blades
  1308 | D:2      | Reached XP level 4. HP: 31/33 MP: 4/4
  1980 | D:4      | Reached skill level 5 in Evocations
  1980 | D:4      | Reached XP level 5. HP: 28/39 MP: 5/5
  2509 | D:4      | Reached XP level 6. HP: 45/46 MP: 6/6
  2721 | D:3      | Found an iron altar of Okawaru.
  2856 | D:3      | HP: 1/47 [something (2)]
  3051 | D:3      | Found a runed translucent door.
  3052 | D:3      | Noticed Crazy Yiuf
  3585 | D:4      | Found a burning altar of Makhleb.
  3592 | D:4      | Reached XP level 7. HP: 45/52 MP: 7/7
  3644 | D:5      | Entered Level 5 of the Dungeon
  3644 | D:5      | Found a shadowy altar of Dithmenos.
  3659 | D:5      | Reached skill level 6 in Evocations
  3687 | D:5      | Found a glowing silver altar of Zin.
  3714 | D:5      | Found a basalt altar of Yredelemnul.
  3920 | D:5      | Found a shimmering blue altar of Sif Muna.
  4061 | D:5      | Reached XP level 8. HP: 60/60 MP: 8/8
  4287 | D:6      | Found a white marble altar of Elyvilon.
  4527 | D:6      | Found a sparkling altar of Nemelex Xobeh.
  4706 | D:6      | Found a staircase to the Ecumenical Temple.
  4716 | Temple   | Entered the Ecumenical Temple
  4731 | D:6      | Reached skill level 5 in Long Blades
  4967 | D:7      | Reached skill level 7 in Evocations
  4985 | D:7      | Gained mutation: You are agile. (Dex +4, Str/Int -1)
                  | [potion of mutation]
  4985 | D:7      | Gained mutation: You are partially covered in iridescent
                  | scales. (AC +2) [potion of mutation]
  5003 | D:7      | HP: 2/61 [wight/+4 trident (11)]
  5006 | D:7      | Slain by a wight

Illustrated notes

Levels and vault maps discovered:
D:1:      lemuel_arrival_rhombus, layout_basic, serial_bayou,
          serial_bayou_ford_a, serial_bayou_shore_b, serial_bayou_shore_a,
          serial_bayou_shore_b, dilly_ecumenical_altar_fadedgnrine
D:2:      minmay_razor_zed, layout_loops_ring, st_stairs_9,
          minmay_misc_feat_chi, minmay_misc_feat_rows
D:3:      layout_basic, okawaru_ov_weapons_minmay, uniq_crazy_yiuf_cottage
D:4:      layout_loops_ring, makhleb_blood_cavern_becter, grunt_tough_drop
D:5:      layout_rooms, zin_academy, nicolae_sif_muna_condensation,
          yredelemnul_altar_generic, grunt_dithmenos_smoke
D:6:      layout_loops_cross, nemelex_xobeh_ov_fountains_minmay,
          lemuel_crystal_altar, minmay_temple_entry_junction
D:7:      dreamdust_elfheim, layout_basic
D:8:      layout_cave_pools
Temple:   nicolae_temple_two_arcs

Skill      XL: |  1  2  3  4  5  6  7  8 |
---------------+-------------------------+-----
Throwing       | 1 2 3 |  3.8
Fighting       | 2 3 4 |  4.3
Long Blades    | 1 2 3 4 5 |  5.5
Evocations     | 5 6 7 |  7.1
Armour         | |  1.7
Dodging        | |  0.8
Stealth        | |  0.7

Action                     |  1- 3 |  4- 6 |  7- 9 || total
---------------------------+-------+-------+-------++-------
  Melee: Dagger            |    62 |    27 |       ||    89
         Club              |    11 |       |       ||    11
         Hand axe          |    33 |       |       ||    33
         Long sword        |    25 |    92 |    58 ||   175
         Flail             |       |    54 |    63 ||   117
  Throw: Dart              |       |       |    10 ||    10
         Boomerang         |       |       |     5 ||     5
  Evoke: Wand              |       |       |     1 ||     1
    Use: Potion            |     1 |     2 |     4 ||     7
         Scroll            |       |    15 |     4 ||    19
   Stab: Sleeping          |     3 |       |       ||     3
 Armour: Leather armour    |    48 |    22 |       ||    70
         Ring mail         |       |    79 |   101 ||   180
  Dodge: Dodged            |    50 |    44 |    56 ||   150

Table legend: (Time is in decaauts)
 A = Elapsed time spent in this place.
 B = Non-inter-level travel time spent in this place.
 C = Inter-level travel time spent in this place.
 D = Time resting spent in this place.
 E = Time spent auto-exploring this place.
 F = Levels seen in this place.
 G = Mean time per level.
                   A        B        C        D        E       F      G
               +--------+--------+--------+--------+--------+-----+--------+
         Total |   5142 |   4953 |    189 |    253 |   3720 |   9 |  571.3 |
       Dungeon |   5138 |   4949 |    189 |    253 |   3720 |   8 |  642.2 |
        Temple |      3 |      3 |      0 |      0 |      0 |   1 |    3.0 |
               +--------+--------+--------+--------+--------+-----+--------+

Top non-repeatable levels by time:
     D:4: 1135 daAuts
     D:2: 962 daAuts
     D:1: 890 daAuts
     D:3: 749 daAuts
     D:6: 643 daAuts
     D:5: 609 daAuts
     D:7: 145 daAuts
  Temple: 3 daAuts
     D:8: 2 daAuts
